 Dungeon Crawl Stone Soup version 0.29.0-4-gdea44cf6ec (webtiles) character file.

Game seed: 2637392850397754826

299 qw the Chopper (level 6, 0/35 HPs)
             Began as a Tengu Warper on Aug 28, 2022.
             Slain by a black bear (8 damage)
             ... on level 4 of the Dungeon.
             The game lasted 00:00:20 (2358 turns).

qw the Chopper (Tengu Warper)                       Turns: 2358, Time: 00:00:20

Health: 0/35       AC:  8    Str: 12 (13) XL:     6   Next: 36%
Magic:  10/10      EV:  6    Int: 12 (14) God:
Gold:   151        SH:  0    Dex: 12 (13) Spells: 9/9 levels left

rFire   + . .      SeeInvis .   Y - +0 hand axe
rCold   + . .      Faith    .   (no shield)
rNeg    . . .      Spirit   .   m - +0 chain mail
rPois   .          Reflect  .   (helmet restricted)
rElec   .          Harm     .   (no cloak)
rCorr   .          Rampage  .   (no gloves)
Will    .....                   (boots unavailable)
Stlth   ..........              e - amulet of regeneration
HPRegen 0.91/turn               j - ring of protection from fire
MPRegen 0.12/turn               d - ring of protection from cold

@: flying quickly and evasively, quick
A: beak, talons 3, nimble flight
a: no special abilities


You were on level 4 of the Dungeon.
You visited 1 branch of the dungeon, and saw 4 of its levels.

You collected 201 gold pieces.
You spent 50 gold pieces at shops.


Innate Abilities, Weirdness & Mutations

You have a beak for a mouth.
You have claws for feet.
Your magical nature lets you fly swiftly and evasively.


   Skills:
 - Level 2.0 Fighting
 + Level 6.9 Axes
 - Level 1.0 Throwing
 - Level 2.0 Armour
 - Level 2.1 Dodging
 - Level 2.0 Spellcasting
 - Level 2.4 Translocations


You had 9 spell levels left.
You didn't know any spells.
Your spell library contained the following spells:

 Spells                   Type           Power      Damage    Failure   Level
 Blink                    Tloc           12%        N/A       99%         2
 Gell's Gravitas          Tloc           6%         N/A       100%        3
 Lesser Beckoning         Tloc           6%         N/A       100%        3
 Teleport Other           Tloc           6%         N/A       100%        3
 Manifold Assault         Tloc           6%         N/A       100%        5

Inventory:

Hand Weapons
 k - a +0 whip
 Y - a +0 hand axe (weapon)
Armour
 m - a +0 chain mail (worn)
Jewellery
 d - a ring of protection from cold (right hand)
 e - an amulet of regeneration (around neck)
 j - a ring of protection from fire (left hand)
Scrolls
 f - a scroll of identify
Potions
 b - 2 potions of curing
 c - 2 potions of heal wounds {unknown}
 g - a potion of flight {unknown}
 h - a potion of mutation {unknown}
 l - a potion of cancellation {unknown}
 n - 2 potions of attraction {unknown}

Dungeon Overview and Level Annotations

Branches:
Dungeon (4/15)
 Temple: D:4-7

Altars:
Kikubaaqudgha

Shops:
D:1 (   D:3 *

Annotations:
D:3 3 runed translucent doors, qw's ghost, amateur TeWr


Message History

The black bear bites you. The black bear barely misses you.
The black bear claws you but does no damage.
You hit the black bear. Your kick misses the black bear.
The black bear is heavily wounded.
The black bear closely misses you.
The black bear claws you but does no damage. x2
You closely miss the black bear. Your kick misses the black bear.
The black bear is heavily wounded.
The black bear bites you but does no damage.
The black bear claws you. x2
You barely miss the black bear. You peck the black bear.
The black bear is heavily wounded.
The black bear bites you but does no damage.
The black bear barely misses you.
The black bear claws you but does no damage.
You closely miss the black bear. Your kick misses the black bear.
The black bear is heavily wounded.
The black bear bites you.
The black bear claws you but does no damage. x2
You hit the black bear.
The black bear is severely wounded.
The black bear goes berserk!
You barely miss the black bear. Your kick misses the black bear.
You peck the black bear, but do no damage.
You punch the black bear.
The black bear is severely wounded.
The black bear bites you! The black bear claws you.
The black bear claws you but does no damage.
You hit the black bear.
The black bear is almost dead.
You barely miss the orc. The black bear bites you. The black bear claws you. x2
The black bear barely misses you. x2
The black bear claws you but does no damage.
The orc hits you but does no damage.
You hit the black bear.
The black bear is almost dead.
You barely miss the orc. The black bear bites you!
You die...

#...## #..# #.#).## #..#
#.##..## ##.## ##.###..#
#.<# #...###.## ##.# #...#
#.)########.##
#...####..##.......# #####
#............#####.# #...#
#...#####.@### .#
#...###...######oh.#... ..
#...........)....<........
#...##.....########.....
#...###.........<. .....
##### #..........# ....
#........... ...
#..[..)....# ...
#...........


You could see a black bear (berserk) and an orc.

Vanquished Creatures
  2 howler monkeys (D:4)
  A hound (D:4)
  Jessica (D:3)
  An iguana (D:4)
  An orc wizard (D:4)
  3 adders
  2 worms (D:2)
  A dart slug (D:4)
  4 orcs
  4 ball pythons
  4 bats
  7 endoplasms
  4 giant cockroaches
  6 hobgoblins
  11 jackals
  6 kobolds
  2 quokkas
  A frilled lizard (D:3)
  7 goblins
  4 rats
72 creatures vanquished.

Notes
Turn   | Place    | Note
-------+----------+-------------------------------------------
     0 | D:1      | qw the Tengu Warper began the quest for the Orb.
     0 | D:1      | Reached XP level 1. HP: 12/12 MP: 4/4
     0 | D:1      | 0 ||| qw: Version: 0.1-a-89-g26bdef1
     0 | D:1      | 0 ||| qw: Game counter: 2569
     0 | D:1      | 0 ||| qw: Always use a shield: true
     0 | D:1      | 0 ||| qw: God list: Okawaru
     0 | D:1      | 0 ||| qw: Allow faded altars: false
     0 | D:1      | 0 ||| qw: Do Orc after D:15 true
     0 | D:1      | 0 ||| qw: Do second Lair branch before Depths: true
     0 | D:1      | 0 ||| qw: Lair rune preference: random
     0 | D:1      | 0 ||| qw: Plans: Normal
     0 | D:1      | 0 ||| PLANNING D:1-11
   121 | D:1      | Found Liskonea's Antique Weapon Shoppe.
   126 | D:1      | 126 ||| SHOPLISTING glowing flail (117 gold, have 16).
   126 | D:1      | 126 ||| SHOPLISTING glowing morningstar (126 gold, have
                  | 16).
   144 | D:1      | Reached XP level 2. HP: 16/17 MP: 6/6
   145 | D:1      | Reached skill level 3 in Axes
   273 | D:1      | 273 ||| Stepping ~*~*~tactically~*~*~ (stealth).
   275 | D:1      | 275 ||| Stepping ~*~*~tactically~*~*~ (stealth).
   287 | D:1      | 287 ||| Stepping ~*~*~tactically~*~*~ (stealth).
   660 | D:1      | 660 ||| UPGRADING to +0 scale mail.
   670 | D:1      | 670 ||| DROPPING +0 leather armour.
   671 | D:1      | 671 ||| UPGRADING to +0 chain mail.
   681 | D:1      | 681 ||| DROPPING +0 scale mail.
   682 | D:1      | 682 ||| UPGRADING to amulet of regeneration.
   687 | D:1      | 687 ||| UPGRADING to ring of protection from fire.
   688 | D:1      | 688 ||| READING scroll labelled YVOENE COEWECE.
   691 | D:1      | 691 ||| READING 2 scrolls labelled JUQOBR TAEWYLU.
   692 | D:1      | 692 ||| READING scroll labelled JUFEOC HACOROULL.
   693 | D:1      | 693 ||| READING scroll labelled UHAFOC REUNA.
   694 | D:1      | 694 ||| DROPPING scroll of blinking.
   763 | D:2      | 763 ||| Stepping ~*~*~tactically~*~*~ (stealth).
   815 | D:2      | Reached XP level 3. HP: 21/21 MP: 7/7
   838 | D:2      | 838 ||| Stepping ~*~*~tactically~*~*~ (stealth).
   840 | D:2      | 840 ||| Stepping ~*~*~tactically~*~*~ (stealth).
   841 | D:2      | 841 ||| Stepping ~*~*~tactically~*~*~ (stealth).
   843 | D:2      | 843 ||| Stepping ~*~*~tactically~*~*~ (stealth).
   969 | D:2      | Reached skill level 4 in Axes
   992 | D:2      | 992 ||| Stepping ~*~*~tactically~*~*~ (stealth).
   993 | D:2      | 993 ||| Stepping ~*~*~tactically~*~*~ (stealth).
  1027 | D:2      | 1027 ||| Stepping ~*~*~tactically~*~*~ (stealth).
  1029 | D:2      | 1029 ||| Stepping ~*~*~tactically~*~*~ (stealth).
  1168 | D:2      | Found a faded altar of an unknown god.
  1301 | D:2      | 1301 ||| Stepping ~*~*~tactically~*~*~ (stealth).
  1359 | D:2      | 1359 ||| UPGRADING to ring of protection from cold.
  1360 | D:2      | 1360 ||| READING scroll labelled MUUP OXOJADO.
  1400 | D:3      | Found a runed translucent gate.
  1400 | D:3      | Found a runed translucent gate.
  1401 | D:3      | 1401 ||| STAIRDANCE
  1427 | D:3      | Found a runed translucent gate.
  1429 | D:3      | Noticed qw's ghost (amateur TeWr)
  1437 | D:3      | Noticed Jessica
  1438 | D:3      | 1438 ||| Stepping ~*~*~tactically~*~*~ (hiding).
  1444 | D:3      | Killed Jessica
  1445 | D:3      | Reached XP level 4. HP: 21/26 MP: 8/8
  1455 | D:3      | Reached skill level 5 in Axes
  1480 | D:3      | 1480 ||| Stepping ~*~*~tactically~*~*~ (stealth).
  1632 | D:3      | 1632 ||| Stepping ~*~*~tactically~*~*~ (stealth).
  1748 | D:3      | Found Digou's Assorted Antiques.
  1756 | D:3      | 1756 ||| BUYING 2 bubbling grey potions (50 gold).
  1756 | D:3      | Bought 2 bubbling grey potions for 50 gold pieces
  1812 | D:3      | Gained mutation: Your magical nature lets you fly swiftly
                  | and evasively. [Tengu growth]
  1812 | D:3      | Reached XP level 5. HP: 26/30 MP: 9/9
  1969 | D:3      | 1969 ||| DRINKING 2 viscous inky potions.
  1970 | D:3      | 1970 ||| DRINKING 3 bubbling grey potions.
  1971 | D:3      | 1971 ||| DRINKING 2 viscous ruby potions.
  1972 | D:3      | 1972 ||| DROPPING 2 potions of brilliance.
  1973 | D:3      | 1973 ||| DROPPING potion of degeneration.
  2053 | D:4      | Reached skill level 6 in Axes
  2108 | D:4      | Reached XP level 6. HP: 35/35 MP: 10/10
  2133 | D:4      | 2133 ||| DROPPING +0 club.
  2167 | D:4      | HP: 7/35 [iguana (5)]
  2168 | D:4      | 2168 ||| READING 2 scrolls of teleportation.
  2170 | D:4      | Found an ancient bone altar of Kikubaaqudgha.
  2252 | D:4      | 2252 ||| Stepping ~*~*~tactically~*~*~ (stealth).
  2261 | D:4      | 2261 ||| Stepping ~*~*~tactically~*~*~ (stealth).
  2263 | D:4      | 2263 ||| Stepping ~*~*~tactically~*~*~ (hiding).
  2285 | D:4      | HP: 8/35 [iguana (9)]
  2286 | D:4      | 2286 ||| READING scroll of teleportation.
  2287 | D:4      | HP: 3/35 [iguana (7)]
  2288 | D:4      | HP: 1/35 [iguana (3)]
  2307 | D:4      | 2307 ||| FLEEEEING.
  2346 | D:4      | Noticed a black bear
  2357 | D:4      | HP: 7/35 [black bear (2)]
  2358 | D:4      | Slain by a black bear

Levels and vault maps discovered:
D:1:      saegor_arrival_under_anarchy, layout_basic, serial_shops, shop
D:2:      layout_loops_ring, shapermc_ecumenical_altar_venn
D:3:      layout_basic, gammafunk_ghost_split, serial_shops,
          nicolae_shop_competitors_out_of_business, roderic_roman_lattice,
          uniq_jessica
D:4:      minmay_spotlight, layout_rooms, lemuel_crystal_altar,
          lemuel_doored_altar, mainiacjoe_overflow_alcove_2,
          minmay_temple_entry_hall

Skill      XL: |  1  2  3  4  5 |
---------------+----------------+-----
Axes           | 3 4 5 6 |  6.9
Armour         | 2 |  2.0
Fighting       | |  2.0
Throwing       | |  1.0
Dodging        | |  2.1
Spellcasting   | |  2.0
Translocations | |  2.4

Action                   |  1- 3 |  4- 6 || total
-------------------------+-------+-------++-------
Melee: Hand axe          |    79 |   147 ||   226
       Kick              |    20 |    32 ||    52
       Peck              |    13 |    25 ||    38
       Punch             |     1 |     1 ||     2
Throw: Boomerang         |     7 |       ||     7
  Use: Scroll            |     5 |     2 ||     7
       Potion            |       |     3 ||     3
Armor: Leather armour    |    10 |       ||    10
       Chain mail        |    30 |    91 ||   121
Dodge: Dodged            |    24 |    32 ||    56

Table legend:
 A = Non-vault XP
 B = Vault XP
 C = Vault XP percentage of total XP
 D = Non-vault monster count
 E = Vault monster count
 F = Vault count percentage of total count
                 A         B        C        D         E       F
            +---------+---------+-------+---------+---------+-------
      Total |     389 |      39 |   9.1 |      70 |       2 |   2.8
            +---------+---------+-------+---------+---------+-------
        D:1 |      27 |       0 |   0.0 |      15 |       0 |   0.0
        D:2 |      44 |       0 |   0.0 |      15 |       0 |   0.0
        D:3 |      65 |      37 |  36.3 |      23 |       1 |   4.2
        D:4 |     253 |       2 |   0.8 |      17 |       1 |   5.6
            +---------+---------+-------+---------+---------+-------
